 Dungeon Crawl Stone Soup version 0.31.0-11-ge490571c62 (webtiles) character file.

Game seed: 2736602354896441421

185 RancidPinata the Ruffian (level 5, -1/50 HPs)
             Began as a Troll Shapeshifter on Jan 26, 2024.
             Slain by a gnoll
             ... wielding a +2 halberd of venom
              (12 damage)
             ... on level 4 of the Dungeon.
             The game lasted 00:11:48 (2973 turns).

RancidPinata the Ruffian (Troll Shapeshifter)       Turns: 2973, Time: 00:11:49

Health: -1/50      AC:  4    Str: 22    XL:     5   Next: 37%
Magic:  4/4        EV: 10    Int:  8    God:
Gold:   286        SH:  0    Dex:  9    Spells: 4/4 levels left

rFire   . .          .
                       - Unarmed
rCold   . . .        (no shield)
rNeg    . . .        a - +0 animal skin
rPois   .            (helmet currently unavailable)
rElec   .            (cloak currently unavailable)
rCorr   .            (gloves unavailable)
SInv    .            (boots unavailable)
Will    .....        k - amulet of regeneration
Stlth   +            (no ring)
HPRegen 1.88/turn    (no ring)
MPRegen 0.09/turn

%: no passive effects
@: lethally poisoned (-1 -> -1), beast-form
A: beast (slay +2), large, unfitting armour, claws 3, regeneration 1, shaggy fur
1, tough skin 1
a: Begin Untransformation


You were on level 4 of the Dungeon.
You were a hulking beast.
You visited 1 branch of the dungeon, and saw 7 of its levels.

You collected 286 gold pieces.

Inventory:

Missiles
 i - 43 stones
 q - a throwing net
 s - 6 javelins
 t - 5 large rocks (quivered)
 u - 3 darts of dispersal
 y - 8 poisoned darts
Armour
 a - a +0 animal skin (worn)
Jewellery
 k - an amulet of regeneration (around neck)
Talismans
 c - a beast talisman
 d - a flux talisman
Wands
 j - a wand of acid (5)
Scrolls
 g - 6 scrolls of identify {unknown}
 m - a scroll of teleportation {unknown}
 o - a scroll of enchant armour {unknown}
 p - a scroll of fear {unknown}
 r - 2 scrolls of immolation {unknown}
 v - a scroll of amnesia {unknown}
 z - 2 scrolls of enchant weapon {unknown}
 A - a scroll of fog {unknown}
Potions
 b - 4 potions of lignification
 e - 2 potions of brilliance {unknown}
 f - 4 potions of curing {unknown}
 h - 2 potions of ambrosia {unknown}
 l - 2 potions of cancellation {unknown}
 n - a potion of haste {unknown}
 w - a potion of mutation {unknown}
 x - 2 potions of heal wounds {unknown}


   Skills:
 * Level 2.5 Fighting
 + Level 2.4 Dodging
 * Level 4.2 Unarmed Combat
 + Level 3.5 Shapeshifting


You had 4 spell levels left.
You didn't know any spells.
Your spell library was empty.

Dungeon Overview and Level Annotations

Branches:
Dungeon (7/15)
 Temple: D:4-7

Altars:
Wu Jian

Shops:
D:1 (   D:4 :   D:5 =:!

Annotations:
D:4 Dowan, Duvessa
D:5 2 transporters, Blork the orc
D:6 Sigmund


Innate Abilities, Weirdness & Mutations

You are a hulking beast.
Your limbs bulge with bestial killing power. (Slay +2)
You are too large for most types of armour.
You have claws for hands.
Your natural rate of healing is unusually fast.
You are covered in fur. (AC +1)
You have tough skin. (AC +1)


Message History

Dowan, Brother of Duvessa comes into view.
He is wielding a +0 dagger.
Found Omifiech's Book Boutique.
Dowan shouts!
You hear a shout!
Duvessa, Sister of Dowan comes into view.
She is wielding a +0 short sword.
You see here a scroll labelled DIDDANO MUTIA.
Duvessa says, "My weaknesses are his strengths!"
There is a stone staircase leading up here.
You climb upwards.
There is a stone staircase leading down here.
Done exploring.
There is a stone staircase leading down here.
You climb downwards.
Level annotation: Dowan, Duvessa
There is a stone staircase leading up here.
The gnoll shouts!
The gnoll shouts!
You hear a shout!
The gnoll shouts!
The gnoll hits you with a +0 spear.
You claw the gnoll!
You kill the gnoll!
You claw the gnoll!
You kill the gnoll!
The gnoll hits you with a +2 halberd of venom!
You are poisoned.
Things that are here:
a +0 club; a +0 spear; a gnoll corpse You claw the gnoll!
The gnoll is severely wounded.
You feel very sick.
The gnoll hits you with a +2 halberd of venom!
You barely miss the gnoll.
The gnoll is severely wounded.
You feel very sick.
The gnoll hits you with a +2 halberd of venom!
* * * LOW HITPOINT WARNING * * *
You barely miss the gnoll.
The gnoll is severely wounded.
You feel sick.
The gnoll hits you with a +2 halberd of venom!
You die...

..##.......................<#
.............##############.##
...##'#####'## #.............#
...#...# #...# #.#############
...#...# #...# #.# ...#...#
#...###.# ...#...# #...#.#.#
...#...# #...#.#.# ...#...#
#...#.#h# ..##...# #...#.#g#
####...# #...#.#g##### # #...#
#...#.......# ###...#
#...#.#.###.# #.#...#
#...#.#.#.# #.#...#
#...#.#...#
#.#...###...#.###.#
#.#....#....#.###.#


You could see 2 gnolls.

Vanquished Creatures
  An orc priest (D:3)
  5 gnolls
  2 adders
  2 dart slugs
  A ribbon worm (D:3)
  8 orcs
  5 ball pythons
  2 bats
  4 endoplasms
  4 giant cockroaches
  3 goblins
  8 hobgoblins
  6 jackals
  4 quokkas
  2 frilled lizards
  6 kobolds
  9 rats
72 creatures vanquished.

Notes
Turn   | Place    | Note
-------+----------+-------------------------------------------
     0 | D:1      | RancidPinata the Troll Shapeshifter began the quest for the
                  | Orb.
     0 | D:1      | Reached XP level 1. HP: 18/18 MP: 0/0
    35 | D:3      | Noticed an orc priest
    48 | D:2      | Reached skill level 1 in Fighting
   261 | D:5      | Entered Level 5 of the Dungeon
   268 | D:5      | Found Ukhlun's Distillery.
   333 | D:5      | Reached XP level 2. HP: 21/27 MP: 1/1
   365 | D:6      | Noticed a sky beast
   522 | D:6      | Noticed Sigmund
   627 | D:5      | Found Ced Neum's Book Shop.
   714 | D:5      | Noticed Blork the orc
   742 | D:5      | Found a transporter.
   742 | D:5      | Found Suga's Jewellery Shop.
   744 | D:5      | Found a transporter.
   833 | D:3      | Reached XP level 3. HP: 31/33 MP: 2/2
   945 | D:3      | Found an ornate altar of the Wu Jian Council.
  1052 | D:3      | Reached XP level 4. HP: 42/42 MP: 3/3
  1137 | D:3      | Reached skill level 4 in Unarmed Combat
  2011 | D:1      | Found Zuvisocw's Antique Weapon Emporium.
  2018 | D:1      | Reached XP level 5. HP: 49/49 MP: 4/4
  2915 | D:4      | Found Omifiech's Book Boutique.
  2915 | D:4      | Noticed Dowan
  2915 | D:4      | Noticed Duvessa
  2973 | D:4      | Slain by a gnoll

Illustrated notes

Levels and vault maps discovered:
D:1:      dpeg_arrival_pits, layout_loops_ring, serial_shops, shop
D:2:      layout_rooms, minmay_circle_x
D:3:      layout_rooms, lemuel_tele_altar
D:4:      layout_basic, chequers_temple_overflow_minitemple, temple_green,
          serial_shops, shop, nrook_uturn, uniq_duvessa, uniq_edmund
D:5:      layout_loops_ring, serial_shops, nicolae_shop_drivethru, shop,
          kennysheep_mini, uniq_grinder, uniq_blork_the_orc
D:6:      layout_loops_cross, nzn_hepliaklqana_mist_gate, uniq_sigmund
D:7:      layout_loops_ring

Skill      XL: |  1  2  3  4 |
---------------+-------------+-----
Fighting       | 1 2 |  2.5
Dodging        | 2 |  2.4
Unarmed Combat | 4 |  4.2
Shapeshifting  | |  3.5

Action                     |  1- 3 |  4- 6 || total
---------------------------+-------+-------++-------
  Melee: Unarmed           |    56 |   122 ||   178
         Punch             |     1 |       ||     1
 Armour: Animal skin       |    32 |    62 ||    94
  Dodge: Dodged            |    33 |    52 ||    85
